 Dungeon Crawl Stone Soup version 0.23.2-30-g0e89c35649 (webtiles) character file.

Game seed: 9189708883597758113

53 Mrkan the Skirmisher (level 3, -1/24 HPs)
             Began as a Gargoyle Fighter on June 23, 2019.
             Slain by a hobgoblin
             ... wielding a +0 club
             ... led by Robin
              (4 damage)
             ... on level 2 of the Dungeon.
             The game lasted 00:01:41 (770 turns).

Mrkan the Skirmisher (Gargoyle Fighter)              Turns: 770, Time: 00:01:42

Health: -1/24      AC: 14    Str: 19    XL:     3   Next: 89%
Magic:  3/3        EV:  3    Int:  8    God:
Gold:   43         SH:  9    Dex: 10    Spells: 2/2 levels left

rFire    . . .     SeeInvis .   a - +0 flail
rCold    . . .     Gourm    .   c - +0 shield
rNeg     + . .     Faith    .   k - +0 plate armour
rPois    ∞         Spirit   .   (no helmet)
rElec    +         Reflect  .   (no cloak)
rCorr    .         Harm     .   (no gloves)
MR       .....                  (no boots)
Stlth    ..........             (no amulet)
HPRegen  0.08/turn              (no ring)
MPRegen  0.08/turn              (no ring)

@: no status effects
A: negative energy resistance 1, electricity resistance, unbreathing,
petrification resistance, rot immunity, AC +3
a: no special abilities


You were on level 2 of the Dungeon.
You were not hungry.

You visited 1 branch of the dungeon, and saw 2 of its levels.

You collected 43 gold pieces.

Inventory:

Hand Weapons
 a - a +0 flail (weapon)
Armour
 c - a +0 shield (worn)
 k - a +0 plate armour (worn)
Scrolls
 b - a scroll of remove curse {unknown}
 e - a scroll of fog {unknown}
 g - a scroll of identify {unknown}
 h - a scroll of enchant weapon {unknown}
 i - a scroll of teleportation {unknown}
 j - a scroll of random uselessness {unknown}
Potions
 d - a potion of might
 l - a potion of ambrosia {unknown}
 m - a potion of curing {unknown}
Comestibles
 f - 2 rations


   Skills:
 + Level 3.8 Fighting
 * Level 3.2 Maces & Flails
 - Level 3.2 Armour
 + Level 3.7 Shields


You had 2 spell levels left.
You didn't know any spells.
Your spell library was empty.

Dungeon Overview and Level Annotations

Branches:
Dungeon (2/15)

Altars:

Annotations:
D:2 Robin


Innate Abilities, Weirdness & Mutations

You are resistant to torment.
Your stone body is resilient. (AC +3)
You are immune to poison.
You resist negative energy. (rN+)
You are resistant to electric shocks. (rElec)
You can survive without breathing.
You are immune to petrification.
You are immune to rotting.


Message History

You kill the giant cockroach!
Robin roars a battlecry!
The goblins go into a battle-frenzy!
You block the goblin's attack.
You closely miss the hobgoblin. The hobgoblin completely misses you.
You block the goblin's attack.
You barely miss the hobgoblin. You block the hobgoblin's attack.
The goblin hits you.
* * * LOW HITPOINT WARNING * * *
The hobgoblin hits you but does no damage.
The goblin hits you.
* * * LOW HITPOINT WARNING * * *
Your plate armour prevents you from hitting the goblin.
The hobgoblin no longer looks unusually strong.
Robin roars a battlecry!
The hobgoblin goes into a battle-frenzy!
The goblin hits you.
* * * LOW HITPOINT WARNING * * *
The hobgoblin hits you with a +0 club.
You die...

#.# #..≈≈≈≈...≈. #.#
#†≈≈.≈.≈...≈ #.#
#≈≈≈≈≈≈≈≈≈≈≈ #.#
#.≈≈≈≈≈≈≈≈≈≈ #.#
#.≈≈≈≈≈≈≈≈≈≈ . #.#
#.≈≈≈≈≈♣≈≈≈≈ ...
#.###.≈≈≈≈♣_♣≈≈≈
.....#####...?..≈≈≈...≈≈
.....gggg@g##...≈≈≈≈≈≈≈
.....#########≈.≈≈≈≈≈≈≈
..# #.≈≈≈≈≈≈≈≈
#≈..≈..≈.. #....≈≈.≈.
#######.########
........# #########


You could see Robin, a hobgoblin and 3 goblins.

Vanquished Creatures
  An adder (D:2)
  2 dart slugs (D:1)
  A leopard gecko (D:1)
  5 bats
  2 giant cockroaches
  10 goblins
  6 hobgoblins
  2 jackals (D:1)
  2 frilled lizards (D:1)
  3 kobolds (D:1)
  2 rats (D:1)
36 creatures vanquished.

Notes
Turn   | Place    | Note
-------+----------+-------------------------------------------
     0 | D:1      | Mrkan the Gargoyle Fighter began the quest for the Orb.
     0 | D:1      | Reached XP level 1. HP: 14/14 MP: 1/1
   169 | D:1      | Reached XP level 2. HP: 16/19 MP: 2/2
   441 | D:1      | Reached XP level 3. HP: 21/23 MP: 3/3
   663 | D:2      | Found a faded altar of an unknown god.
   733 | D:2      | Noticed Robin
   770 | D:2      | Slain by a hobgoblin

Skill      XL: |  1  2  3 |
---------------+----------+-----
Maces & Flails | 3 |  3.2
Fighting       | |  3.8
Armour         | |  3.2
Shields        | |  3.7

Action                   || total
-------------------------++-------
Melee: Flail             ||   171
Armor: Scale mail        ||    14
       Plate armour      ||   143
Dodge: Dodged            ||    32
Block: Shield            ||   123
